 Dungeon Crawl Stone Soup version 0.27.1-1-g398f81649c (webtiles) character file.

Game seed: 14646798511359439992

1967 Rickety the Shield-Bearer (level 9, -3/73 HPs)
             Began as a Gnoll Fighter on Sept 6, 2021.
             Slain by a two-headed ogre (10 damage)
             ... on level 5 of the Dungeon.
             The game lasted 00:13:05 (7242 turns).

Rickety the Shield-Bearer (Gnoll Fighter)           Turns: 7242, Time: 00:13:06

Health: -3/73      AC: 16    Str: 15    XL:     9   Next: 19%
Magic:  15/15      EV:  6    Int: 10    God:
Gold:   168        SH: 10    Dex: 13    Spells: 16/16 levels left

rFire    . . .     SeeInvis .   a - +0 flail
rCold    + . .     Faith    .   c - +0 kite shield
rNeg     . . .     Spirit   .   m - +0 chain mail
rPois    .         Reflect  .   (no helmet)
rElec    .         Harm     .   (no cloak)
rCorr    .         Rampage  .   z - +0 pair of gloves
Will     .....                  (no boots)
Stlth    ..........             (no amulet)
HPRegen  0.22/turn              n - ring of protection from cold
MPRegen  0.14/turn              u - +4 ring of protection

@: no status effects
A: fangs 1, strong nose, distributed training
a: no special abilities


You were on level 5 of the Dungeon.
You visited 1 branch of the dungeon, and saw 6 of its levels.

You collected 168 gold pieces.

Inventory:

Hand Weapons
 a - a +0 flail (weapon)
 w - a +1 dagger of electrocution
Missiles
 f - 13 boomerangs (quivered)
 s - 12 datura-tipped darts
Armour
 b - a +0 scale mail
 c - a +0 kite shield (worn)
 m - a +0 chain mail (worn)
 z - a +0 pair of gloves (worn)
Jewellery
 n - a ring of protection from cold (left hand)
 q - a ring of resist corrosion
 u - a +4 ring of protection (right hand)
Wands
 r - a wand of iceblast (6)
 y - a wand of charming (8)
Scrolls
 e - a scroll of teleportation {unknown}
 g - 2 scrolls of vulnerability {unknown}
 i - a scroll of enchant armour {unknown}
 j - a scroll of noise {unknown}
 o - 2 scrolls of magic mapping {unknown}
 p - 2 scrolls of immolation {unknown}
 t - 4 scrolls of identify {unknown}
 v - 2 scrolls of fog {unknown}
 A - 2 scrolls of enchant weapon {unknown}
Potions
 d - a potion of might
 h - 3 potions of haste {unknown}
 k - a potion of heal wounds {unknown}
 l - 3 potions of curing {unknown}
 x - 3 potions of flight {unknown}


   Skills:
 + Level 7.7 Fighting
 + Level 4.0 Short Blades
 + Level 4.0 Long Blades
 + Level 4.0 Axes
 + Level 6.1 Maces & Flails
 + Level 4.0 Polearms
 + Level 4.0 Staves
 + Level 4.0 Slings
 + Level 4.0 Bows
 + Level 4.0 Crossbows
 + Level 4.0 Throwing
 + Level 7.7 Armour
 + Level 4.0 Dodging
 + Level 4.0 Stealth
 + Level 7.7 Shields
 + Level 4.0 Unarmed Combat
 + Level 4.0 Spellcasting
 + Level 3.3 Conjurations
 + Level 3.3 Hexes
 + Level 3.3 Summonings
 + Level 3.3 Necromancy
 + Level 3.3 Translocations
 + Level 3.3 Transmutations
 + Level 3.3 Fire Magic
 + Level 3.3 Ice Magic
 + Level 3.3 Air Magic
 + Level 3.3 Earth Magic
 + Level 3.3 Poison Magic
 + Level 4.4 Invocations
 + Level 4.0 Evocations


You had 16 spell levels left.
You didn't know any spells.
Your spell library contained the following spells:

 Spells                   Type           Power      Damage    Failure   Level
 Foxfire                  Conj/Fire      32%        2x1d5     94%         1
 Slow                     Hex            8%         N/A       98%         2
 Confusing Touch          Hex            8%         N/A       100%        3
 Conjure Flame            Conj/Fire      8%         6-21      100%        3
 Gell's Gravitas          Tloc           4%         N/A       100%        3
 Inner Flame              Hex/Fire       8%         N/A       100%        3
 Teleport Other           Tloc           8%         N/A       100%        3
 Vampiric Draining        Necr           4%         2d6       100%        3
 Hailstorm                Conj/Ice       8%         3d4       100%        4
 Ice Form                 Ice/Tmut       8%         N/A       100%        4
 Blade Hands              Tmut           4%         N/A       100%        5
 Irradiate                Conj/Tmut      4%         3d14      100%        5
 Dispersal                Tloc           4%         N/A       100%        6
 Simulacrum               Ice/Necr       4%         N/A       100%        6
 Dragon Form              Tmut           4%         N/A       100%        7


Dungeon Overview and Level Annotations

Branches:
Dungeon (6/15)
 Temple: D:4-7

Altars:
Fedhas
Kikubaaqudgha
Nemelex Xobeh
Sif Muna

Annotations:
D:6 Maggie


Innate Abilities, Weirdness & Mutations

You have very sharp teeth.
Your uncanny sense of smell can sniff out nearby items.
Your experience applies equally to all skills.


Message History

The two-headed ogre hits your kobold brigand with a +0 giant club!! x2
Your kobold brigand dies!
There is an open door here.
You swing at nothing.
You hit the two-headed ogre.
The two-headed ogre is moderately wounded.
The two-headed ogre completely misses you.
The two-headed ogre hits you with a +0 giant club!
You hit the two-headed ogre.
You bite the two-headed ogre, but do no damage.
The two-headed ogre is moderately wounded.
You block the two-headed ogre's attack. x2
You hit the two-headed ogre.
You bite the two-headed ogre, but do no damage.
The two-headed ogre is heavily wounded.
You block the two-headed ogre's attack.
The two-headed ogre hits you with a +0 giant club!
* * * LOW HITPOINT WARNING * * *
You sock the two-headed ogre!
The two-headed ogre is severely wounded.
You block the two-headed ogre's attack. x2
You barely miss the two-headed ogre.
You bite the two-headed ogre, but do no damage.
The two-headed ogre is severely wounded.
The two-headed ogre hits you but does no damage.
The two-headed ogre hits you with a +0 giant club.
* * * LOW HITPOINT WARNING * * *
You hit the two-headed ogre.
The two-headed ogre is severely wounded.
You block the two-headed ogre's attack. The two-headed ogre barely misses you.
You hit the two-headed ogre.
You bite the two-headed ogre, but do no damage.
The two-headed ogre is almost dead.
You block the two-headed ogre's attack. x2
You barely miss the two-headed ogre.
The two-headed ogre is almost dead.
The two-headed ogre hits you with a +0 giant club!
* * * LOW HITPOINT WARNING * * *
The two-headed ogre hits you with a +0 giant club!
You die...

###.# #.##.# #.##.##.####.# #.
###.# #.##.# #.##.........# ##
.##.### #....# #.#####.##########
......# #..### #.# ##'#.........
......###..#####.# ##....##...###
≈≈≈≈...##........###....###.#.#.#
≈≈≈≈...###.#.######.....###...#.#
.......###....####.........###...
...........>....@O.......#.#.#.#.
.####.###.#...####.........##.#.#
.#....# ##.#.## ##.....###..#.#.
.#._..# ###)#######....#...#.#.#
.#....# #.##...O.....###..#.#.
......# #.##.######.....##.#.#
#.#.### #.##.# #[..#.#.#.#. #..##
#.##.# ####.....###).. ..##
#.##.# #.....###...#.#


You could see a two-headed ogre.

Vanquished Creatures
  2 water moccasins
  2 black bears (D:5)
  2 ice beasts (D:5)
  A hornet zombie (D:5)
  6 ogres
  A centaur (D:5)
  A scorpion (D:4)
  A water moccasin zombie (D:5)
  A water moccasin skeleton (D:5)
  2 centaur zombies (D:5)
  2 jellies (D:5)
  3 hounds
  Ijyb (D:3)
  2 iguanas
  3 orc wizards (D:5)
  A howler monkey zombie (D:3)
  8 adders
  A shadow imp (D:5)
  An ufetubus (D:5)
  An adder skeleton (D:5)
  2 dart slugs (D:1)
  13 orcs
  5 bats
  2 bat zombies (D:4)
  6 endoplasms
  2 giant cockroaches (D:3)
  6 goblins
  7 hobgoblins
  3 quokkas
  2 ball pythons
  3 frilled lizards
  12 kobolds
  7 rats
112 creatures vanquished.

Vanquished Creatures (others)
  A kobold brigand (D:5)
1 creature vanquished.

Grand Total: 113 creatures vanquished

Notes
Turn   | Place    | Note
-------+----------+-------------------------------------------
     0 | D:1      | Rickety the Gnoll Fighter began the quest for the Orb.
     0 | D:1      | Reached XP level 1. HP: 23/23 MP: 1/1
   114 | D:1      | You fall into a shaft and drop 1 floor!
   316 | D:2      | Reached XP level 2. HP: 27/29 MP: 2/2
   658 | D:1      | Reached XP level 3. HP: 35/35 MP: 3/3
   966 | D:1      | Reached skill level 1 in Invocations
  1006 | D:1      | Found a faded altar of an unknown god.
  1491 | D:2      | Reached skill level 1 in Short Blades
  1491 | D:2      | Reached skill level 1 in Long Blades
  1491 | D:2      | Reached skill level 1 in Axes
  1491 | D:2      | Reached skill level 1 in Polearms
  1491 | D:2      | Reached skill level 1 in Staves
  1491 | D:2      | Reached skill level 1 in Slings
  1491 | D:2      | Reached skill level 1 in Bows
  1491 | D:2      | Reached skill level 1 in Crossbows
  1491 | D:2      | Reached skill level 1 in Throwing
  1491 | D:2      | Reached skill level 1 in Dodging
  1491 | D:2      | Reached skill level 1 in Stealth
  1491 | D:2      | Reached skill level 1 in Unarmed Combat
  1491 | D:2      | Reached skill level 1 in Spellcasting
  1491 | D:2      | Reached skill level 1 in Evocations
  1548 | D:2      | Reached XP level 4. HP: 41/41 MP: 5/5
  1820 | D:3      | Noticed a water moccasin
  1927 | D:3      | Noticed Ijyb
  1939 | D:3      | Killed Ijyb
  1940 | D:3      | Reached skill level 1 in Conjurations
  1940 | D:3      | Reached skill level 1 in Hexes
  1940 | D:3      | Reached skill level 1 in Summonings
  1940 | D:3      | Reached skill level 1 in Necromancy
  1940 | D:3      | Reached skill level 1 in Translocations
  1940 | D:3      | Reached skill level 1 in Transmutations
  1940 | D:3      | Reached skill level 1 in Fire Magic
  1940 | D:3      | Reached skill level 1 in Ice Magic
  1940 | D:3      | Reached skill level 1 in Air Magic
  1940 | D:3      | Reached skill level 1 in Earth Magic
  1940 | D:3      | Reached skill level 1 in Poison Magic
  1944 | D:3      | Reached XP level 5. HP: 10/47 MP: 6/6
  2815 | D:3      | Killed a water moccasin
  2816 | D:3      | Reached XP level 6. HP: 10/53 MP: 8/8
  3286 | D:4      | Reached skill level 5 in Maces & Flails
  3781 | D:4      | Reached XP level 7. HP: 59/59 MP: 10/10
  3993 | D:4      | Found an ancient bone altar of Kikubaaqudgha.
  4605 | D:5      | Entered Level 5 of the Dungeon
  4906 | D:5      | Reached XP level 8. HP: 34/67 MP: 12/12
  5095 | D:5      | Found a blossoming altar of Fedhas.
  5348 | D:5      | Found a sparkling altar of Nemelex Xobeh.
  6419 | D:5      | Found a shimmering blue altar of Sif Muna.
  6473 | D:5      | Reached XP level 9. HP: 44/72 MP: 14/14
  7163 | D:6      | Noticed Maggie
  7194 | D:6      | Noticed a two-headed ogre
  7242 | D:5      | Slain by a two-headed ogre

Illustrated notes

Levels and vault maps discovered:
D:1:      dpeg_arrival_signposts, layout_loops_ring,
          hellmonk_ecumenical_altar_slurped_away
D:2:      layout_basic
D:3:      layout_basic, minmay_liquid_box, uniq_ijyb
D:4:      layout_loops_corners, lemuel_zombie_altar_kikubaaqudgha
D:5:      layout_loops_corners, mainiacjoe_overflow_chevrons,
          mainiacjoe_overflow_big_doors, minmay_starry_boxes
D:6:      layout_cave_pools, dk_yredelemnul_ordeal,
          minmay_temple_entry_poolview, serial_shops, shop,
          minmay_crystal_water, minmay_misc_feat_rugged, st_stairs_1,
          uniq_blork_the_orc, uniq_menkaure, uniq_maggie

Skill      XL: |  1  2  3  4  5  6  7  8  9 |
---------------+----------------------------+-----
Invocations    | 1 2 3 4 |  4.4
Short Blades   | 1 2 3 4 |  4.0
Long Blades    | 1 2 3 4 |  4.0
Axes           | 1 2 3 4 |  4.0
Polearms       | 1 2 3 4 |  4.0
Staves         | 1 2 3 4 |  4.0
Slings         | 1 2 3 4 |  4.0
Bows           | 1 2 3 4 |  4.0
Crossbows      | 1 2 3 4 |  4.0
Throwing       | 1 2 3 4 |  4.0
Dodging        | 1 2 3 4 |  4.0
Stealth        | 1 2 3 4 |  4.0
Unarmed Combat | 1 2 3 4 |  4.0
Spellcasting   | 1 2 3 4 |  4.0
Evocations     | 1 2 3 4 |  4.0
Conjurations   | 1 2 3 |  3.3
Hexes          | 1 2 3 |  3.3
Summonings     | 1 2 3 |  3.3
Necromancy     | 1 2 3 |  3.3
Translocations | 1 2 3 |  3.3
Transmutations | 1 2 3 |  3.3
Fire Magic     | 1 2 3 |  3.3
Ice Magic      | 1 2 3 |  3.3
Air Magic      | 1 2 3 |  3.3
Earth Magic    | 1 2 3 |  3.3
Poison Magic   | 1 2 3 |  3.3
Maces & Flails | 5 6 |  6.1
Fighting       | 7 |  7.7
Armour         | 7 |  7.7
Shields        | 7 |  7.7

Action                   |  1- 3 |  4- 6 |  7- 9 || total
-------------------------+-------+-------+-------++-------
Melee: Flail             |   102 |   157 |   336 ||   595
       Bite              |    11 |    17 |    37 ||    65
Evoke: Wand              |       |       |     1 ||     1
Armor: Scale mail        |    27 |       |       ||    27
       Chain mail        |    14 |    83 |   200 ||   297
Dodge: Dodged            |    28 |    36 |    78 ||   142
Block: Kite shield       |    54 |    80 |   196 ||   330
